 Dungeon Crawl Stone Soup version 0.28-a0-793-g31680bbd8b (webtiles) character file.

Game seed: 18120288765467532975

2 gimp the Skirmisher (level 1, 0/18 HPs)
             Began as a Demonspawn Cinder Acolyte on Nov 3, 2021.
             Was a High Priest of Ignis.
             Killed from afar by a dart slug (2 damage)
             ... with a slug dart
             ... on level 1 of the Dungeon.
             The game lasted 00:00:25 (170 turns).

gimp the Skirmisher (Demonspawn Cinder Acolyte)      Turns: 170, Time: 00:00:26

Health: 0/18       AC:  2    Str: 14    XL:     1   Next: 33%
Magic:  2/2        EV: 11    Int: 15    God:    Ignis [*****.]
Gold:   9          SH:  0    Dex:  8    Spells: 2/2 levels left

rFire   + . .      SeeInvis .   a - -1 falchion (flame)
rCold   . . .      Faith    .   (no shield)
rNeg    . . .      Spirit   .   b - +0 robe
rPois   .          Reflect  .   (no helmet)
rElec   .          Harm     .   (no cloak)
rCorr   .          Rampage  .   (no gloves)
Will    .....                   (no boots)
Stlth   +.........              (no amulet)
HPRegen 0.06/turn               d - ring of wizardry
MPRegen 0.08/turn               (no ring)

@: no status effects
A: no striking features
a: Renounce Religion, Sea of Fire, Foxfire Swarm, Rising Flame


You were on level 1 of the Dungeon.
You worshipped Ignis.
Ignis was extremely pleased with you.
You visited 1 branch of the dungeon, and saw 1 of its levels.

You collected 9 gold pieces.

Inventory:

Hand Weapons
 a - a -1 falchion of flaming (weapon)
Armour
 b - a +0 robe (worn)
Jewellery
 d - a ring of wizardry (left hand)
Potions
 c - a potion of haste {unknown}


   Skills:
 + Level 3.2 Fighting
 - Level 2.6 Long Blades
 - Level 1.0 Spellcasting
 + Level 2.6 Fire Magic


You had 2 spell levels left.
You didn't know any spells.
Your spell library contained the following spells:

 Spells                   Type           Power      Damage    Failure   Level
 Scorch                   Fire           16%        2d6       4%          2


Dungeon Overview and Level Annotations

Branches:
Dungeon (1/15)

Altars:


Message History

The hobgoblin hits you.
You take 2 damage, and have 12/18 hp.
You barely miss the hobgoblin.
The hobgoblin is almost dead.
The hobgoblin hits you.
You take 1 damage, and have 11/18 hp.
You barely miss the hobgoblin.
The hobgoblin is almost dead.
The hobgoblin barely misses you.
You closely miss the hobgoblin.
The hobgoblin is almost dead.
The hobgoblin barely misses you.
You closely miss the hobgoblin.
The hobgoblin is almost dead.
The hobgoblin barely misses you. The hobgoblin closely misses you.
You barely miss the hobgoblin.
The hobgoblin is almost dead.
The hobgoblin closely misses you. The dart slug barely misses you.
You hit the hobgoblin but do no damage.
The hobgoblin is almost dead.
The hobgoblin closely misses you. The dart slug bites you.
You take 2 damage, and have 10/18 hp.
You closely miss the hobgoblin.
The hobgoblin is almost dead.
The hobgoblin hits you. The dart slug barely misses you.
You take 3 damage, and have 7/18 hp.
You are too injured to fight recklessly!
You are too injured to fight recklessly!
You are too injured to fight recklessly!
You barely miss the hobgoblin.
The hobgoblin is almost dead.
The hobgoblin hits you.
* * * LOW HITPOINT WARNING * * *
You take 5 damage, and have 2/18 hp.
MASSIVE DAMAGE!!
You hit the hobgoblin but do no damage.
The hobgoblin is almost dead.
The hobgoblin hits you but does no damage.
The dart slug launches a dart at you. The slug dart hits you.
You die...

#######
##.....#
#..≈≈≈.##
#..≈(≈..#
##.^≈≈≈..#
########
.w.......#
#......# #.
#gw# #.####.#
#...#@#####.#
#.#
#.........#
#.####
#...#########
#....# ####
#..#.# ##...#
##.## #.# #.#
..# #.#


You could see a dart slug and a hobgoblin.

Vanquished Creatures
  A bat (D:1)
  A frilled lizard (D:1)
  A rat (D:1)
3 creatures vanquished.

Notes
Turn   | Place    | Note
-------+----------+-------------------------------------------
     0 | D:1      | gimp the Demonspawn Cinder Acolyte began the quest for the
                  | Orb.
     0 | D:1      | Reached XP level 1. HP: 18/18 MP: 2/2
   170 | D:1      | Killed from afar by a dart slug

Illustrated notes

Levels and vault maps discovered:
D:1:      amcnicky_arrival_wind_blow, layout_loops_ring,
          corexii_item_surrounded_by_moat

Action                   || total
-------------------------++-------
Melee: Falchion          ||    26
Armor: Robe              ||     3
Dodge: Dodged            ||    23

Table legend: (Time is in decaauts)
 A = Elapsed time spent in this place.
 B = Non-inter-level travel time spent in this place.
 C = Inter-level travel time spent in this place.
 D = Time resting spent in this place.
 E = Time spent auto-exploring this place.
 F = Levels seen in this place.
 G = Mean time per level.
                   A        B        C        D        E       F      G
               +--------+--------+--------+--------+--------+-----+--------+
         Total |    173 |    173 |      0 |      0 |    130 |   1 |  173.0 |
       Dungeon |    173 |    173 |      0 |      0 |    130 |   1 |  173.0 |
               +--------+--------+--------+--------+--------+-----+--------+

Top non-repeatable levels by time:
     D:1: 173 daAuts
